 Dungeon Crawl Stone Soup version 0.29.0-5-ge4962eb29e (webtiles) character file.

Game seed: 5454523887728737862

8402 freelancePsychic the Grappler (level 11, -6/110 HPs)
             Began as a Troll Cinder Acolyte on Aug 29, 2022.
             Was a Priest of Ignis.
             Mangled by a rust devil (11 damage)
             ... summoned by a kobold demonologist
             ... on level 11 of the Dungeon.
             The game lasted 00:12:56 (7331 turns).

freelancePsychic the Grappler (TrCA)                Turns: 7331, Time: 00:12:57

Health: -6/110     AC: -20   Str: 24    XL:     11   Next: 9%
Magic:  11/11      EV: 13    Int: 10    God:    Ignis [***...]
Gold:   498        SH:  0    Dex:  9    Spells: 12/12 levels left

rFire   + . .      SeeInvis .     - Unarmed
rCold   . . .      Faith    .   (no shield)
rNeg    . . .      Spirit   .   a - +0 robe
rPois   .          Reflect  .   (helmet restricted)
rElec   .          Harm     .   (no cloak)
rCorr   .          Rampage  .   (gloves unavailable)
Will    .....                   (boots unavailable)
Stlth   +.........              v - amulet of regeneration
HPRegen 1.88/turn               m - +4 ring of evasion
MPRegen 0.12/turn               (no ring)

@: corroded
A: large, unfitting armour, claws 3, regeneration 1, shaggy fur 1, tough skin 1
a: Renounce Religion, Fiery Armour, Foxfire Swarm


You were on level 11 of the Dungeon.
You worshipped Ignis.
Ignis was most pleased with you.
You visited 2 branches of the dungeon, and saw 12 of its levels.
You also visited: Ossuary.

You collected 666 gold pieces.
You spent 168 gold pieces at shops.

Inventory:

Missiles
 b - 67 stones
 e - 4 large rocks (quivered)
 h - 3 silver boomerangs
 k - 7 boomerangs
 n - 18 poisoned darts
 o - a curare-tipped dart
Armour
 a - a +0 robe (worn)
Jewellery
 i - a ring of fire
 m - a +4 ring of evasion (left claw)
 v - an amulet of regeneration (around neck)
Wands
 t - a wand of paralysis (7)
 x - a wand of mindburst (20)
 B - a wand of roots (7)
Scrolls
 f - 2 scrolls of vulnerability
 g - a scroll of enchant weapon {unknown}
 s - 4 scrolls of enchant armour
 z - 7 scrolls of identify {@r1}
 A - 2 scrolls of fog {unknown}
 C - a scroll of magic mapping
 D - a scroll of poison {unknown}
 E - a scroll of immolation {unknown}
 F - a scroll of brand weapon {unknown}
Potions
 c - 3 potions of degeneration
 d - a potion of haste {@q3}
 j - 6 potions of brilliance
 l - a potion of might {unknown}
 p - 2 potions of ambrosia
 q - a potion of curing {@q1}
 r - 3 potions of flight
 u - a potion of attraction
 w - a potion of mutation {unknown}


   Skills:
 + Level 7.7 Fighting
 * Level 10.3 Throwing
 + Level 10.4 Unarmed Combat
 - Level 1.0 Spellcasting
 - Level 2.1 Fire Magic


You had 12 spell levels left.
You didn't know any spells.
Your spell library contained the following spells:

 Spells                   Type           Power      Damage    Failure   Level
 Foxfire                  Conj/Fire      8%         2x1d4     22%         1
 Scorch                   Fire           8%         2d5       22%         2
 Freeze                   Ice            0%         1d3       34%         1
 Sandblast                Erth           0%         2d4       34%         1
 Passwall                 Tmut/Erth      0%         N/A       45%         2
 Static Discharge         Conj/Air       0%         3-3/arc   45%         2
 Conjure Flame            Conj/Fire      2%         6-21      54%         3
 Inner Flame              Hex/Fire       2%         N/A       54%         3
 Frozen Ramparts          Ice            0%         1d1       71%         3
 Stone Arrow              Conj/Erth      0%         3d7       71%         3
 Flame Wave               Conj/Fire      2%         2d4       91%         4
 Animate Armour           Summ/Erth      0%         N/A       98%         4
 Hailstorm                Conj/Ice       0%         3d3       98%         4
 Lightning Bolt           Conj/Air       0%         1d11      100%        5
 Lehudib's Crystal Spear  Conj/Erth      0%         10d2      100%        8
 Maxwell's Capacitive Co  Air            0%         ∞         100%        8


Dungeon Overview and Level Annotations

Branches:
Dungeon (11/15)            Temple (1/1) D:4            Lair (0/5) D:11
Ossuary (visited)
    Orc: D:9-12

Altars:
Ashenzari
Cheibriados
Dithmenos
Elyvilon
Fedhas
Gozag
Hepliaklqana
Kikubaaqudgha
Makhleb
Nemelex Xobeh
Qazlal
Ru
Sif Muna
Trog
Uskayaw
Vehumet
Wu Jian
Yredelemnul
Zin
The Shining One

Shops:
D:1 (   D:5 ?

Annotations:
D:6 3 runed translucent doors, oldmanjim's ghost, novice OgTm


Innate Abilities, Weirdness & Mutations

You are too large for most types of armour.
You have claws for hands.
Your natural rate of healing is unusually fast.
You are covered in fur. (AC +1)
You have tough skin. (AC +1)


Message History

The kobold brigand is severely wounded.
The rust devil hits you! The rust devil corrodes you! Something hits you.
The kobold brigand closely misses you.
You closely miss the kobold brigand.
The kobold brigand is severely wounded.
The rust devil hits you. The rust devil corrodes you!
The rust devil attacks as you move away!
The rust devil hits you! The rust devil corrodes you!
The kobold brigand attacks as you move away!
The kobold brigand hits you with a +0 whip!
Something hits you.
You miss something. Something hits you.
The kobold brigand hits you with a +0 whip!
* * * LOW HITPOINT WARNING * * *
The rust devil barely misses you.
You scratch something but do no damage.
The crimson imp blinks!
The kobold brigand hits you with a +0 whip.
* * * LOW HITPOINT WARNING * * *
You hear some strange, mumbled words.
You closely miss something. The rust devil hits you!
* * * LOW HITPOINT WARNING * * *
The rust devil corrodes you! Something hits you.
* * * LOW HITPOINT WARNING * * *
The kobold brigand hits you with a +0 whip.
* * * LOW HITPOINT WARNING * * *
You closely miss something. Your claw misses something.
The rust devil closely misses you.
You hear some strange, mumbled words.
The kobold brigand completely misses you.
Okay, then.
You completely miss something. The rust devil hits you.
* * * LOW HITPOINT WARNING * * *
The rust devil corrodes you!
You miss something.
The crimson imp blinks!
The kobold brigand hits you with a +0 whip.
* * * LOW HITPOINT WARNING * * *
Something hits you.
* * * LOW HITPOINT WARNING * * *
The ynoxinul closely misses you. The rust devil hits you!
You die...

......## ### #...........##
...P...# #.........### ....P).#
#........## .......# #..#...###
.......# ########..##.##
......####......#..####
......###..........#
.......#........)..##
...............4@3..###
...............K{.....#
P...P...............)##
.P............§......##########
P...#...................))))).#
..P.#.............÷..##########
....#................# .#
............5.....# .
..................#


You could see a rust devil (summoned), a ynoxinul (summoned), a kobold brigand
and a crimson imp (summoned).

Vanquished Creatures
  A boulder beetle (D:11)
  Pikel (D:6)
  An ugly thing (D:11)
  A cyclops (D:11)
  A manticore (D:11)
  A gargoyle (D:11)
  3 kobold demonologists (D:11)
  2 komodo dragons (D:11)
  Prince Ribbit (D:6)
  A shadow (D:11)
  Sigmund (D:3)
  4 yaks (D:8)
  Menkaure (D:6)
  4 water moccasins
  An orc warrior (D:9)
  5 ice beasts
  A sky beast (D:7)
  A black bear (D:4)
  A centaur (D:7)
  3 ogres
  3 kobold brigands (D:11)
  2 lemures (D:6)
  4 bullfrogs (D:11)
  2 necrophages
  4 scorpions
  3 wights (D:6)
  4 howler monkeys
  A hound (D:3)
  A human zombie (Ossuary)
  7 orc priests
  4 jellies
  A gnoll bouda (D:5)
  5 iguanas
  9 orc wizards
  4 mummies (Ossuary)
  6 adders
  11 gnolls
  2 shadow imps (D:6)
  3 white imps
  An ufetubus (D:5)
  2 adder zombies (Ossuary)
  A worm (D:2)
  4 dart slugs
  37 orcs
  7 endoplasms
  7 giant cockroaches
  7 goblins
  7 hobgoblins
  2 jackals (D:4)
  15 kobolds
  2 quokkas
  12 ball pythons
  5 bats
  5 frilled lizards
  2 gnoll zombies (Ossuary)
  3 hobgoblin zombies (Ossuary)
  2 kobold zombies (Ossuary)
  An orc zombie (Ossuary)
  7 rats
  A rat zombie (Ossuary)
241 creatures vanquished.

Vanquished Creatures (others)
  43 fungi (D:11)
  49 plants
92 creatures vanquished.

Grand Total: 333 creatures vanquished

Notes
Turn   | Place    | Note
-------+----------+-------------------------------------------
     0 | D:1      | freelancePsychic the Troll Cinder Acolyte began the quest
                  | for the Orb.
     0 | D:1      | Reached XP level 1. HP: 22/22 MP: 1/1
   205 | D:1      | Reached XP level 2. HP: 20/29 MP: 2/2
   592 | D:1      | Reached skill level 1 in Throwing
   596 | D:1      | Reached XP level 3. HP: 36/36 MP: 3/3
   816 | D:1      | Found Ciarutwu's Weapon Boutique.
   824 | D:1      | Bought 3 silver boomerangs for 63 gold pieces
  1264 | D:2      | Found a faded altar of an unknown god.
  1299 | D:2      | Reached XP level 4. HP: 20/44 MP: 0/4
  1550 | D:3      | Noticed Sigmund
  1564 | D:3      | Killed Sigmund
  1565 | D:3      | Reached skill level 5 in Unarmed Combat
  1565 | D:3      | Reached XP level 5. HP: 23/53 MP: 5/5
  1656 | D:3      | Reached XP level 6. HP: 61/61 MP: 6/6
  1802 | D:3      | Found a hide-covered altar of Uskayaw.
  1894 | D:3      | Found a bloodstained altar of Trog.
  2339 | D:4      | Identified the +7 whip of Saj Nita {speed, +Blink rF-
                  | Dex+4}
  2347 | D:4      | Found a staircase to the Ecumenical Temple.
  2393 | Temple   | Entered the Ecumenical Temple
  2574 | D:4      | Reached XP level 7. HP: 59/68 MP: 7/7
  3004 | D:5      | Entered Level 5 of the Dungeon
  3408 | D:5      | Found Berias's Magic Scroll Shoppe.
  3420 | D:5      | Bought a scroll of blinking for 105 gold pieces
  3472 | D:5      | Reached XP level 8. HP: 75/79 MP: 8/8
  3586 | D:5      | Identified the +4 long sword of Regicide {protect, rN+
                  | Dex+2 SInv}
  3634 | D:5      | Found a stormy altar of Qazlal.
  3664 | D:5      | Found a snail-covered altar of Cheibriados.
  4209 | D:6      | Reached skill level 5 in Fighting
  4209 | D:6      | Reached skill level 5 in Throwing
  4292 | D:6      | Found a sand-covered staircase.
  4296 | Ossuary  | Entered an ossuary
  4564 | D:6      | Noticed Menkaure
  4584 | D:6      | Killed Menkaure
  4585 | D:6      | Noticed Pikel
  4599 | D:6      | Killed Pikel
  4600 | D:6      | Reached XP level 9. HP: 38/88 MP: 9/9
  4842 | D:6      | Noticed Prince Ribbit
  4856 | D:6      | Killed Prince Ribbit
  5133 | D:6      | Found a runed translucent gate.
  5133 | D:6      | Found a runed translucent gate.
  5134 | D:6      | Found a runed translucent gate.
  5136 | D:6      | Identified the +0 chain mail of Defence {Str+3}
  5136 | D:6      | Noticed oldmanjim's ghost (novice OgTm)
  5286 | D:7      | Found a blossoming altar of Fedhas.
  5364 | D:7      | Found a shimmering blue altar of Sif Muna.
  5407 | D:7      | Found an ornate altar of the Wu Jian Council.
  5912 | D:8      | Found a hazy altar of Hepliaklqana.
  6059 | D:8      | Found a glowing golden altar of the Shining One.
  6106 | D:8      | Reached XP level 10. HP: 96/100 MP: 10/10
  6515 | D:9      | HP: 1/100 [orc priest/divine providence (15)]
  6672 | D:9      | You fall into a shaft and drop 2 floors!
  6720 | D:10     | Entered Level 10 of the Dungeon
  6733 | D:10     | Noticed a boulder beetle
  6756 | D:11     | Noticed a six-headed hydra
  6812 | D:11     | Noticed a manticore
  6823 | D:11     | Killed a manticore
  6830 | D:11     | Noticed a sixfirhy
  6834 | D:11     | Noticed a purple ugly thing
  6835 | D:11     | Noticed a boulder beetle
  6844 | D:11     | HP: 3/100 [boulder beetle (25)]
  6847 | D:11     | Noticed a gargoyle
  6847 | D:11     | HP: 1/100 [boulder beetle (11)]
  6849 | D:11     | Killed a boulder beetle
  6859 | D:11     | Noticed a cyclops
  6899 | D:11     | Noticed a sixfirhy
  6900 | D:11     | Killed a purple ugly thing
  6901 | D:11     | Reached skill level 10 in Unarmed Combat
  6908 | D:11     | HP: 3/102 [sixfirhy[a kobold demonologist] (10)]
  6943 | D:11     | Killed a cyclops
  6944 | D:11     | Reached skill level 10 in Throwing
  6964 | D:11     | Killed a gargoyle
  6994 | D:11     | Reached XP level 11. HP: 109/109 MP: 11/11
  7065 | D:11     | Found a staircase to the Lair.
  7331 | D:11     | HP: 5/110 [something (3)]
  7331 | D:11     | Mangled by a rust devil

Illustrated notes

Levels and vault maps discovered:
D:1:      dpeg_arrival_rooms_c, layout_basic, serial_shops, shop
D:2:      layout_loops_cross, shapermc_ecumenical_altar_notcrosses
D:3:      layout_basic, mainiacjoe_overflow_alcove_2, trog_three_pillars_becter,
          uniq_sigmund
D:4:      layout_rooms, minmay_temple_entry_antechambers, kennysheep_donut,
          serial_bayou_pond_c
D:5:      minmay_recursive_quarters, layout_basic, overflow_temple_1_default,
          mainiacjoe_overflow_boulevard, serial_shops, shop
D:6:      layout_loops_ring, biasface_ghost_orc_armoury,
          nicolae_ossuary_entry_plus, kennysheep_decorative_pillar, uniq_pikel,
          uniq_menkaure, uniq_prince_ribbit1
D:7:      layout_rooms, fedhas_altar_1, nicolae_wu_jian_wuxing_cycle,
          kennysheep_little_box, minmay_misc_feat_secret_circle,
          kennysheep_generic_room_14
D:8:      layout_gridville, nicolae_hepliaklqana_hazy_memory,
          nicolae_overflow_crystal_walls, serial_rivers,
          chequers_serial_rivers_large_b, chequers_serial_rivers_micro_e,
          chequers_serial_rivers_room_a, chequers_serial_rivers_room_b,
          chequers_serial_rivers_micro_a, chequers_serial_rivers_large_a
D:9:      layout_rooms, kennysheep_mini, nicolae_rejected_hall
D:10:     layout_irregular_city, erik_orc_1, minmay_tree_intersection
D:11:     layout_cave_pods, due_lair_maze_entry_diamond
Temple:   hellmonk_temple_flake

Skill      XL: |  1  2  3  4  5  6  7  8  9 10 |
---------------+-------------------------------+-----
Throwing       | 1 2 3 4 6 8 10 | 10.3
Unarmed Combat | 4 5 6 7 8 9 10 | 10.4
Fighting       | 3 4 5 6 7 |  7.7
Spellcasting   | |  1.0
Fire Magic     | |  2.1

Action                   |  1- 3 |  4- 6 |  7- 9 | 10-12 || total
-------------------------+-------+-------+-------+-------++-------
Melee: Unarmed           |   115 |   137 |   311 |   147 ||   710
       Punch             |     1 |     3 |    10 |     8 ||    22
Throw: Stone             |    13 |       |     2 |       ||    15
       Boomerang         |       |    10 |    31 |     2 ||    43
       Dart              |       |       |       |     5 ||     5
Invok: Fiery Armour      |       |     2 |     2 |     2 ||     6
       Rising Flame      |       |       |       |     1 ||     1
Evoke: Wand              |       |       |       |     9 ||     9
  Use: Scroll            |     2 |     2 |     6 |     7 ||    17
       Potion            |       |       |     1 |    18 ||    19
 Stab: Invisible         |       |       |       |     1 ||     1
Armor: Robe              |    36 |    36 |    75 |    57 ||   204
Dodge: Dodged            |    44 |    54 |   159 |   119 ||   376
